 Dungeon Crawl Stone Soup version 0.30.1-9-gdf580d7c3d (webtiles) character file.

Game seed: 17655261427618325806

54 Almogavar the Magician (level 3, 0/25 (26) HPs)
             Began as a Gnoll Wanderer on Sept 24, 2023.
             Slain by an orc
             ... wielding a +0 war axe of draining
              (6 damage)
             ... on level 3 of the Dungeon.
             The game lasted 00:05:32 (1513 turns).

Almogavar the Magician (Gnoll Wanderer)             Turns: 1513, Time: 00:05:32

HP:   0/25 (26)     AC:  7    Str: 15    XL:     3   Next: 91%
MP:   11/11         EV: 11    Int:  8    God:
Gold: 114           SH:  0    Dex: 11    Spells: 16/16 levels left

rFire   + . .        a - +0 mace (drain)
rCold   . . .        (no shield)
rNeg    + . .        e - +0 leather armour
rPois   +            (no helmet)
rElec   .            s - +2 ratskin cloak {*Rats rPois rN+ Str-1 Int-1 Dex+1}
rCorr   .            q - +0 pair of gloves
SInv    .            (no boots)
Will    .....        (no amulet)
Stlth   ++           g - ring of protection from fire
HPRegen 0.24/turn    (no ring)
MPRegen 0.12/turn

%: no passive effects
@: lightly drained
A: fangs 1, strong nose, distributed training
a: no special abilities


You were on level 3 of the Dungeon.
You visited 1 branch of the dungeon, and saw 3 of its levels.

You collected 114 gold pieces.

Inventory:

Hand Weapons
 a - a +0 mace of draining (weapon)
 c - a +0 dagger
Missiles
 b - 9 boomerangs (quivered)
 f - 2 curare-tipped darts
 l - 5 atropa-tipped darts
Armour
 e - a +0 leather armour (worn)
 q - a +0 pair of gloves (worn)
 r - a +0 ring mail
 s - the +2 ratskin cloak (worn) {*Rats rPois rN+ Str-1 Int-1 Dex+1}
   (You found it on level 3 of the Dungeon)

   *Rats:     When the wearer is hurt, rats may emerge from it to assist them.
   Str:       It affects your strength (-1).
   Int:       It affects your intelligence (-1).
   Dex:       It affects your dexterity (+1).
   rPois:     It protects you from poison.
   rN:        It protects you from negative energy.
Jewellery
 g - a ring of protection from fire (left hand)
Scrolls
 d - 2 scrolls of summoning
 i - a scroll of noise {unknown}
 j - a scroll of brand weapon
 k - a scroll of identify {unknown}
 n - a scroll of blinking {unknown}
 o - a scroll of immolation {unknown}
 p - a scroll of fear {unknown}
Potions
 h - a potion of flight {unknown}
 m - a potion of curing {unknown}


   Skills:
 + Level 1.0 Fighting
 + Level 1.0 Short Blades
 + Level 1.0 Long Blades
 + Level 1.0 Axes
 + Level 4.6 Maces & Flails
 + Level 1.0 Polearms
 + Level 1.0 Staves
 + Level 1.0 Ranged Weapons
 + Level 4.6 Throwing
 + Level 2.7 Armour
 + Level 1.0 Dodging
 + Level 2.5 Stealth
 + Level 1.0 Shields
 + Level 1.0 Unarmed Combat
 + Level 7.2 Spellcasting
 + Level 0.7 Conjurations
 + Level 0.7 Hexes
 + Level 0.7 Summonings
 + Level 0.7 Necromancy
 + Level 0.7 Translocations
 + Level 0.7 Transmutations
 + Level 0.7 Fire Magic
 + Level 0.7 Ice Magic
 + Level 0.7 Air Magic
 + Level 0.7 Earth Magic
 + Level 0.7 Poison Magic
 + Level 1.1 Invocations
 + Level 1.0 Evocations


You had 16 spell levels left.
You didn't know any spells.
Your spell library contained the following spells:

 Spells                   Type           Power      Damage    Failure   Level
 Freeze                   Ice            16%        1d4       19%         1
 Kiss of Death            Conj/Necr      16%        2d6       19%         1
 Lesser Beckoning         Tloc           8%         N/A       28%         2
 Searing Ray              Conj           8%         2d4       28%         2
 Cause Fear               Hex            2%         N/A       88%         4
 Dragon Form              Tmut           2%         N/A       100%        7
 Dragon's Call            Summ           2%         N/A       100%        9


Dungeon Overview and Level Annotations

Branches:
Dungeon (3/15)

Altars:

Shops:
D:1 :


Innate Abilities, Weirdness & Mutations

You have very sharp teeth.
Your uncanny sense of smell can sniff out nearby items.
Your experience applies equally to all skills.


Message History

You throw a boomerang. The boomerang hits the orc.
The orc is lightly wounded.
You hit the giant cockroach but do no damage.
The giant cockroach completely misses you.
You hit the giant cockroach but do no damage.
You drain the giant cockroach.
The giant cockroach is moderately wounded.
The giant cockroach barely misses you.
The orc zaps a wand.
Some rock shatters into small pieces.
You barely miss the giant cockroach.
The giant cockroach is moderately wounded.
The giant cockroach barely misses you. The giant cockroach closely misses you.
You closely miss the giant cockroach.
The giant cockroach is moderately wounded.
The giant cockroach bites you but does no damage.
You hit the giant cockroach. You drain the giant cockroach.
You kill the giant cockroach!
The orc closely misses you. The orc hits you but does no damage.
You partially resist. The orc hits you with a +0 flail.
You hit the orc.
The orc is heavily wounded.
The orc completely misses you. The orc hits you with a +0 flail!
A river rat scurries out from under your cloak.
The orc misses you. The orc closely misses your river rat.
You sock the orc!
You kill the orc!
The orc hits you with a +0 war axe of draining.
You partially resist.
You feel drained. The orc hits you but does no damage.
The orc closely misses your river rat.
Your river rat bites the orc.
You hit the orc but do no damage. You drain the orc.
The orc is almost dead.
The orc barely misses you. The orc hits you with a +0 war axe!
* * * LOW HITPOINT WARNING * * *
The orc barely misses your river rat.
Your river rat bites the orc but does no damage.
You are too injured to fight recklessly!
You hit the orc.
You kill the orc!
The orc hits you with a +0 war axe of draining.
You die...

#... #... ...# #
...## .# #..###
...###..####....#
......... .....#
#o)r.# #....#
#@)#.#. #....# .
#..#.#.# #....#..
#..#.#.####....#..
##..#.#............
#....)..........###
#.........###.†##
##...###.#.....####
###.# #...........
##
#..###.#(###.####


You could see an orc (ally target) and a friendly river rat.

Vanquished Creatures
  2 adders (D:2)
  A dart slug (D:2)
  2 orcs (D:3)
  3 endoplasms (D:1)
  A giant cockroach (D:3)
  3 goblins
  2 hobgoblins
  6 kobolds
  A quokka (D:1)
  A ball python (D:1)
  5 bats
  4 frilled lizards
  3 rats
34 creatures vanquished.

Notes
Turn   | Place    | Note
-------+----------+-------------------------------------------
     0 | D:1      | Almogavar the Gnoll Wanderer began the quest for the Orb.
     0 | D:1      | Almogavar set off with the following items: a +0 mace, 9
                  | boomerangs, a +0 dagger, a scroll of summoning, a +0
                  | leather armour; and the following spells available to
                  | memorise: Freeze, Kiss of Death, Lesser Beckoning, Searing
                  | Ray.
     0 | D:1      | Reached XP level 1. HP: 13/13 MP: 8/8
   161 | D:1      | Reached XP level 2. HP: 6/19 MP: 10/10
   282 | D:1      | Found Jamnor's Book Boutique.
   688 | D:2      | Reached XP level 3. HP: 18/25 MP: 11/11
   785 | D:2      | Reached skill level 1 in Invocations
  1146 | D:2      | Reached skill level 1 in Fighting
  1146 | D:2      | Reached skill level 1 in Short Blades
  1146 | D:2      | Reached skill level 1 in Long Blades
  1146 | D:2      | Reached skill level 1 in Axes
  1146 | D:2      | Reached skill level 1 in Polearms
  1146 | D:2      | Reached skill level 1 in Staves
  1146 | D:2      | Reached skill level 1 in Ranged Weapons
  1146 | D:2      | Reached skill level 1 in Dodging
  1146 | D:2      | Reached skill level 1 in Shields
  1146 | D:2      | Reached skill level 1 in Unarmed Combat
  1146 | D:2      | Reached skill level 1 in Evocations
  1477 | D:3      | Found the +2 ratskin cloak {*Rats rPois rN+ Str-1 Int-1
                  | Dex+1}
  1513 | D:3      | Slain by an orc

Illustrated notes

Levels and vault maps discovered:
D:1:      lightli_arrival_statue_moat, layout_basic, serial_shops,
          nicolae_square_shop, minmay_crystal_room
D:2:      layout_basic, kennysheep_generic_room_15
D:3:      minmay_evil_eye, layout_loops_ring, kennysheep_nondescript,
          uniq_natasha

Skill      XL: |  1  2  3 |
---------------+----------+-----
Invocations    | 1 |  1.1
Fighting       | 1 |  1.0
Short Blades   | 1 |  1.0
Long Blades    | 1 |  1.0
Axes           | 1 |  1.0
Polearms       | 1 |  1.0
Staves         | 1 |  1.0
Ranged Weapons | 1 |  1.0
Dodging        | 1 |  1.0
Shields        | 1 |  1.0
Unarmed Combat | 1 |  1.0
Evocations     | 1 |  1.0
Maces & Flails | |  4.6
Throwing       | |  4.6
Armour         | |  2.7
Stealth        | |  2.5
Spellcasting   | |  7.2
Conjurations   | |  0.7
Hexes          | |  0.7
Summonings     | |  0.7
Necromancy     | |  0.7
Translocations | |  0.7
Transmutations | |  0.7
Fire Magic     | |  0.7
Ice Magic      | |  0.7
Air Magic      | |  0.7
Earth Magic    | |  0.7
Poison Magic   | |  0.7

Action                     || total
---------------------------++-------
  Melee: Mace              ||    93
         Bite              ||     8
  Throw: Boomerang         ||    30
    Use: Scroll            ||     1
   Stab: Sleeping          ||     3
 Armour: Leather armour    ||    35
  Dodge: Dodged            ||    82
